 Dungeon Crawl Stone Soup version 0.30-a0-578-gdee14c521f (webtiles) character file.

Game seed: 116212104549966622

4964 Zonian the Covert (level 10, -12/53 HPs)
             Began as a Vine Stalker Brigand on Dec 31, 2022.
             Was a Follower of Uskayaw.
             Mangled by an efreet
             ... wielding a +2 scimitar of flaming
              (14 damage)
             ... on level 8 of the Dungeon.
             The game lasted 00:15:16 (7674 turns).

Zonian the Covert (Vine Stalker Brigand)            Turns: 7674, Time: 00:15:17

Health: -12/53     AC:  9    Str: 19    XL:     10   Next: 53%
Magic:  0/11       EV: 17    Int: 11    God:    Uskayaw [*.....]
Gold:   656        SH:  0    Dex: 25    Spells: 9/9 levels left

rFire   . . .      SeeInvis .    o - +2 short sword (elec)
rCold   . . .      Faith    .    (no shield)
rNeg    . . .      Spirit   +    u - +1 robe of the Bulwark {+Blink Str+4 Stlth+}
rPois   .          Reflect  .    t - +1 helmet
rElec   .          Harm     .    c - +0 cloak
rCorr   .          Rampage  .    h - +2 pair of gloves
Will    +....                    (no boots)
Stlth   ++++++                   (no amulet)
HPRegen 1.08/turn                p - +6 ring of dexterity
MPRegen 0.12/turn                (no ring)

@: no status effects
A: fangs 3, regeneration 1, magic shield, antimagic bite, no potion heal 2
a: Renounce Religion, Evoke Blink, Stomp


You were on level 8 of the Dungeon.
You worshipped Uskayaw.
Uskayaw was noncommittal.
You visited 2 branches of the dungeon, and saw 9 of its levels.
You also visited: Sewer and Ossuary.

You collected 752 gold pieces.
You spent 96 gold pieces at shops.

Inventory:

Hand Weapons
 a - a +2 dagger
 o - a +2 short sword of electrocution (weapon)
 E - a +5 spear of freezing
Missiles
 d - 32 poisoned darts (quivered)
 f - 9 curare-tipped darts
Armour
 b - a +0 robe
 c - a +0 cloak (worn)
 h - a +2 pair of gloves (worn)
 q - a +2 robe of willpower
 t - a +1 helmet (worn)
 u - the +1 robe of the Bulwark (worn) {+Blink Str+4 Stlth+}
   (You found it on level 6 of the Dungeon)

   Str:       It affects your strength (+4).
   +Blink:    It lets you blink.
   Stlth:     It makes you more stealthy.
Jewellery
 p - a +6 ring of dexterity (left hand)
 y - an amulet of faith
Wands
 e - a wand of polymorph (2)
 B - a wand of quicksilver (12)
Scrolls
 l - 2 scrolls of noise
 n - 2 scrolls of teleportation
 x - a scroll of fog
 A - a scroll of fear
 D - a scroll of blinking
 F - a scroll of magic mapping
 G - a scroll of brand weapon {unknown}
Potions
 g - 2 potions of resistance
 i - a potion of invisibility
 j - 7 potions of curing
 k - 2 potions of might
 m - 4 potions of lignification
 r - 3 potions of brilliance
 s - a potion of mutation {unknown}
 v - a potion of magic {unknown}
 w - a potion of haste
 z - 2 potions of flight
 C - a potion of cancellation {unknown}


   Skills:
 + Level 6.8 Fighting
 + Level 6.7 Short Blades
 - Level 4.9 Throwing
 + Level 6.0 Dodging
 + Level 10.6 Stealth


You had 9 spell levels left.
You didn't know any spells.
Your spell library contained the following spells:

 Spells                   Type           Power      Damage    Failure   Level
 Magic Dart               Conj           0%         1d3       34%         1
 Sting                    Tmut/Pois      0%         1d3       34%         1
 Poisonous Vapours        Pois/Air       0%         N/A       47%         2
 Searing Ray              Conj           0%         2d4       47%         2
 Gell's Gravitas          Tloc           0%         N/A       71%         3
 Kindle Blastsparks       Fire/Tloc/Air  0%         2d10      71%         3
 Lesser Beckoning         Tloc           0%         N/A       71%         3
 Teleport Other           Tloc           0%         N/A       71%         3
 Fulminant Prism          Conj/Hex       0%         3d5       98%         4
 Iskenderun's Mystic Bla  Conj/Tloc      0%         2d3       98%         4
 Olgreb's Toxic Radiance  Pois           0%         N/A       98%         4
 Lee's Rapid Deconstruct  Erth           0%         3d4*      100%        5


Dungeon Overview and Level Annotations

Branches:
Dungeon (8/15)             Temple (1/1) D:5           Sewer (visited)
Ossuary (visited)
   Lair: D:8-11

Altars:
Ashenzari
Cheibriados
Dithmenos
Elyvilon
Fedhas
Gozag
Hepliaklqana
Makhleb
Nemelex Xobeh
Okawaru
Qazlal
Ru
Sif Muna
Trog
Uskayaw
Vehumet
Wu Jian
Xom
Yredelemnul
Zin
The Shining One

Shops:
D:2 (   D:7 ?

Annotations:
D:2 1 runed translucent door, Crazy Yiuf


Innate Abilities, Weirdness & Mutations

You have razor-sharp teeth.
Your natural rate of healing is unusually fast.
When hurt, damage is shared between your health and your magic reserves.
Your bite disrupts and absorbs the magic of your enemies.
Potions cannot restore your health.


Message History

Things that are here:
a +0 trident; a +0 leather armour
Things that are here:
a +0 flail; a gnoll corpse A howler monkey comes into view.
Unknown command.
Things that are here:
a +0 flail; a gnoll corpse An efreet comes into view.
It is wielding a +2 scimitar of flaming.
The howler monkey hits you but does no damage.
You hit the howler monkey. You bite the howler monkey. You drain its power.
The howler monkey is heavily wounded.
The howler monkey closely misses you.
The efreet drinks a potion.
The efreet flickers and vanishes!
Deactivating autopickup; reactivate with Ctrl-A.
You hit the howler monkey. Your bite misses the howler monkey.
The howler monkey is severely wounded.
You hit the howler monkey but do no damage.
Lightning courses through the howler monkey!!
You kill the howler monkey!
Unknown command.
A bolt of fire appears from out of thin air!
The bolt of fire hits you!!
A bolt of fire appears from out of thin air!
The bolt of fire misses you.
A bolt of fire appears from out of thin air!
The bolt of fire misses you.
A bolt of fire appears from out of thin air!
The bolt of fire hits you!!
You hit something. You bite something. You completely miss something.
You bite something. You drain its magic.
You feel invigorated. Something hits you! Something burns you.
You completely miss something. Something hits you!
* * * LOW HITPOINT WARNING * * *
Something burns you!
* * * LOW HITPOINT WARNING * * *
You hit something but do no damage. You bite something.
You hit something but do no damage. Your bite misses something.
Something hits you!
You die...

##..# #.# #..## #.#
##))###.# ...
#<).#.## .. ##
##))....## .. #.#
#........## .##
#..#####.........#
..#
#................#
#.#
##....°{@........#
#.#
#...............##
#)###.............###
#)##.......###..###
#)°.○....### #..##
#..°....## ##...#
#.......## ##....##
#))))....###......#
##))......##...##..##


There were no monsters in sight!

Vanquished Creatures
  A two-headed ogre (D:8)
  Grinder (D:3)
  Sigmund (D:2)
  A wraith (D:6)
  5 yaks (D:5)
  2 water moccasins
  A sky beast (D:6)
  A black bear (D:7)
  2 ice beasts (D:7)
  3 ogres
  2 centaurs
  2 kobold brigands (Sewer)
  2 phantoms (D:5)
  3 bullfrogs
  A necrophage (D:6)
  3 scorpions
  5 wights (D:8)
  3 killer bees (D:8)
  A howler monkey (D:8)
  2 hounds
  3 human zombies (Ossuary)
  9 orc priests
  4 gnoll boudas
  4 orc wizards
  3 iguanas
  2 mummies (Ossuary)
  17 gnolls
  3 adders
  A shadow imp (D:7)
  An ufetubus (D:5)
  An adder zombie (D:3)
  2 worms
  4 dart slugs
  23 orcs
  2 endoplasms
  4 giant cockroaches (D:6)
  4 goblins
  5 hobgoblins
  4 jackals (D:2)
  7 quokkas
  2 ball pythons
  10 bats
  A frilled lizard (D:1)
  2 goblin zombies (Ossuary)
  5 hobgoblin zombies (Ossuary)
  A jackal zombie (D:3)
  7 kobolds
  4 orc zombies (Ossuary)
  11 rats
188 creatures vanquished.

Notes
Turn   | Place    | Note
-------+----------+-------------------------------------------
     0 | D:1      | Zonian the Vine Stalker Brigand began the quest for the
                  | Orb.
     0 | D:1      | Reached XP level 1. HP: 11/11 MP: 2/2
   137 | D:1      | Reached skill level 1 in Dodging
   137 | D:1      | Reached XP level 2. HP: 15/15 MP: 3/3
   186 | D:1      | Reached skill level 5 in Stealth
   730 | D:2      | Found Nuffephi's Weapon Emporium.
   777 | D:2      | Reached XP level 3. HP: 18/18 MP: 4/4
   966 | D:2      | Noticed Sigmund
  1077 | D:2      | Identified the +0 leather armour "Ymumun" {-Cast +Blink
                  | rCorr Str+4}
  1111 | D:2      | Killed Sigmund
  1112 | D:2      | Gained mutation: Your natural rate of healing is unusually
                  | fast. [Vine Stalker growth]
  1112 | D:2      | Reached XP level 4. HP: 23/23 MP: 5/5
  1112 | D:2      | Reached XP level 5. HP: 28/28 MP: 6/6
  1407 | D:2      | Found a runed translucent door.
  1408 | D:2      | Noticed Crazy Yiuf
  1552 | D:3      | Noticed Grinder
  1571 | D:3      | Paralysed by Grinder for 2 turns
  1578 | D:3      | Killed Grinder
  1579 | D:3      | Reached skill level 6 in Stealth
  1579 | D:3      | Reached XP level 6. HP: 19/32 MP: 3/7
  1651 | D:3      | Found an opulent altar of Gozag.
  1854 | D:3      | Found a basalt altar of Yredelemnul.
  1896 | D:3      | Found a glowing golden altar of the Shining One.
  2012 | D:3      | Found a shimmering altar of Xom.
  2012 | D:3      | Found a stormy altar of Qazlal.
  2013 | D:3      | Found a shadowy altar of Dithmenos.
  2062 | D:3      | Found a blossoming altar of Fedhas.
  2148 | D:4      | Reached XP level 7. HP: 36/36 MP: 8/8
  2591 | D:4      | Found a broken altar of Ashenzari.
  3197 | D:5      | Entered Level 5 of the Dungeon
  3271 | D:5      | Reached skill level 7 in Stealth
  3294 | D:5      | Noticed a yak
  3295 | D:5      | Noticed a yak
  3316 | D:5      | Found a staircase to the Ecumenical Temple.
  3327 | Temple   | Entered the Ecumenical Temple
  3466 | D:5      | Gained mutation: You have razor-sharp teeth. [Vine Stalker
                  | growth]
  3466 | D:5      | Reached XP level 8. HP: 39/42 MP: 9/9
  3987 | D:5      | Found a glowing silver altar of Zin.
  4070 | D:5      | Noticed a yak
  4280 | D:5      | Noticed a yak
  4287 | D:5      | Noticed a yak
  4297 | D:5      | Killed a yak
  4303 | D:5      | Killed a yak
  4311 | D:5      | Killed a yak
  4312 | D:5      | Reached skill level 8 in Stealth
  4315 | D:5      | Killed a yak
  4316 | D:5      | Reached XP level 9. HP: 33/46 MP: 10/10
  4332 | D:5      | Reached skill level 5 in Fighting
  4332 | D:5      | Reached skill level 5 in Short Blades
  4894 | D:6      | Found a hazy altar of Hepliaklqana.
  4945 | D:6      | Reached skill level 9 in Stealth
  4947 | D:6      | Identified the +1 robe of the Bulwark {+Blink Str+4 Stlth+}
  5003 | D:6      | Found a glowing drain.
  5012 | Sewer    | Entered a sewer
  5102 | Sewer    | Found a glowing silver altar of Zin.
  5271 | D:6      | Reached skill level 5 in Dodging
  5458 | D:7      | Found a radiant altar of Vehumet.
  5535 | D:7      | Found an iron altar of Okawaru.
  5562 | D:7      | Found Korru's Magic Scroll Shoppe.
  5586 | D:7      | Bought a scroll of fog for 48 gold pieces
  5586 | D:7      | Bought a scroll of fear for 48 gold pieces
  5757 | D:7      | Reached XP level 10. HP: 52/53 MP: 11/11
  6217 | D:7      | Found a sparkling altar of Nemelex Xobeh.
  6605 | D:8      | Found a sand-covered staircase.
  6612 | Ossuary  | Entered an ossuary
  6694 | Ossuary  | Reached skill level 10 in Stealth
  6875 | D:8      | Noticed a two-headed ogre
  6889 | D:8      | Killed a two-headed ogre
  7137 | D:8      | Found a hide-covered altar of Uskayaw.
  7170 | D:8      | Became a worshipper of Uskayaw the Reveller
  7207 | D:8      | Reached * piety under Uskayaw
  7211 | D:8      | Reached ** piety under Uskayaw
  7215 | D:8      | Reached *** piety under Uskayaw
  7219 | D:8      | Reached **** piety under Uskayaw
  7540 | D:8      | Reached ***** piety under Uskayaw
  7672 | D:8      | HP: 1/53 [something (6)]
  7674 | D:8      | Mangled by an efreet

Illustrated notes

Levels and vault maps discovered:
D:1:      scummos_arrival_forest, layout_loops_ring, minmay_tetromino_s4
D:2:      layout_loops_ring, serial_shops, nicolae_shop_window_shopping,
          uniq_sigmund, uniq_crazy_yiuf_cottage
D:3:      layout_rooms, lemuel_zombie_altar_yredelemnul, amcnicky_altar_gilded,
          marbit_many_paths, gammafunk_temple_overflow_claw,
          nicolae_gozag_seed_capital, uniq_grinder
D:4:      layout_loops_corners, evilmike_ruin_ashenzari
D:5:      layout_basic, lemuel_round_altar, minmay_temple_entry_waves
D:6:      layout_gridville, mainiacjoe_overflow_alcove_4, gup_sewer_entry_pipe,
          kennysheep_nub
D:7:      layout_layer_cave, kennysheep_okawaru_gauntlet,
          mainiacjoe_overflow_six_doors_small, vehumet_crystals, serial_shops,
          nicolae_diamond_shop, minivault_19, grunt_decor_one_mirror,
          chequers_serial_rivers_micro_c, grunt_ministairs_2
D:8:      minmay_bloctagon, layout_layer_cave,
          nicolae_uskayaw_murder_on_the_dancefloor, enter_ossuary_1,
          kennysheep_generic_room_3
Temple:   nicolae_temple_great_sept

Skill      XL: |  1  2  3  4  5  6  7  8  9 10 |
---------------+-------------------------------+-----
Dodging        | 1 2 3 4 5 6 |  6.0
Short Blades   | 2 3 4 6 |  6.7
Stealth        | 5 6 7 8 9 10 | 10.6
Fighting       | 2 3 4 6 |  6.8
Throwing       | 2 3 4 |  4.9

Action                   |  1- 3 |  4- 6 |  7- 9 | 10-12 || total
-------------------------+-------+-------+-------+-------++-------
Melee: Dagger            |    48 |       |       |       ||    48
       Bite              |    16 |    10 |    85 |    50 ||   161
       Short sword       |    28 |    67 |   252 |   162 ||   509
       Punch             |     1 |     2 |     1 |     1 ||     5
Throw: Dart              |       |     6 |       |     8 ||    14
  Use: Scroll            |       |     6 |    14 |     1 ||    21
 Stab: Sleeping          |     9 |     5 |    23 |    11 ||    48
       Distracted        |       |       |     2 |     1 ||     3
       Paralysed         |       |       |       |     4 ||     4
Armor: Robe              |    25 |    13 |    45 |    29 ||   112
Dodge: Dodged            |    41 |    24 |   120 |    97 ||   282

Table legend: (Time is in decaauts)
 A = Elapsed time spent in this place.
 B = Non-inter-level travel time spent in this place.
 C = Inter-level travel time spent in this place.
 D = Time resting spent in this place.
 E = Time spent auto-exploring this place.
 F = Levels seen in this place.
 G = Mean time per level.
                   A        B        C        D        E       F      G
               +--------+--------+--------+--------+--------+-----+--------+
         Total |   7595 |   7403 |    192 |    829 |   4724 |  11 |  690.5 |
       Dungeon |   7128 |   6936 |    192 |    829 |   4478 |   8 |  891.0 |
        Temple |     90 |     90 |      0 |      0 |     66 |   1 |   90.0 |
         Sewer |    236 |    236 |      0 |      0 |    116 |   1 |  236.0 |
       Ossuary |    139 |    139 |      0 |      0 |     64 |   1 |  139.0 |
               +--------+--------+--------+--------+--------+-----+--------+

Top non-repeatable levels by time:
     D:5: 1356 daAuts
     D:7: 1262 daAuts
     D:4: 961 daAuts
     D:8: 887 daAuts
     D:2: 813 daAuts
     D:1: 710 daAuts
     D:3: 687 daAuts
     D:6: 448 daAuts
   Sewer: 236 daAuts
 Ossuary: 139 daAuts
  Temple: 90 daAuts
